 Dungeon Sprint DCSS version 0.16-b1 (webtiles) character file.

22571 Medar the Wrestler (level 13, -2/130 HPs)
             Began as a Hill Orc Monk on Mar 6, 2015.
             Was a High Priest of Ru.
             Succumbed to poison (dark miasma)
             ... in the Dungeon (Sprint I: "Red Sonja").
             The game lasted 00:36:29 (6855 turns).

Medar the Wrestler (Hill Orc Monk)                  Turns: 6855, Time: 00:36:29

Health: -2/130     AC: 38    Str: 27    XL:     13   Next: 1%
Magic:  0/13       EV:  7    Int: 11    God:    Ru [*****.]
Gold:   627        SH: 14    Dex:  9    Spells: 0 memorised, 12 levels left

rFire  + . .     SeeInvis .       - Unarmed
rCold  + + .     Clarity  .     q - +9 armour of the Dragon King {rPois rF+ rC+ MR+}
rNeg   . . .     SustAb   .     x - +2 shield {reflect}
rPois  +         Gourm    .     D - +2 helmet of the Komodo Dragon {rElec MR+ Int+3 Dex-4}
rElec  +         Spirit   +     l - +0 cloak
rCorr  .         Warding  .     u - +1 pair of gloves {Str+3}
rMut   .         NoTele   +     e - +0 pair of boots
MR     ++...                    B - amulet of guardian spirit
Stlth  ..........               j - +3 ring of strength
                                r - +2 ring of strength

@: lethally poisoned (-2 -> -34), exhausted, no scrolls, slowed, drained, very
slow, very resistant to hostile enchantments, extremely unstealthy
A: blurry vision 1, cold resistance 1, dopey 1, inability to read while
threatened, inability to use devices, hated by all, no air magic, no charms
magic, no necromancy magic
a: Draw Out Power, Power Leap, Apocalypse, Renounce Religion


You were in the Dungeon.
You worshipped Ru.
Ru was extremely pleased with you.
You were not hungry.

You visited 1 branch You collected 4622 gold pieces.
You spent 3995 gold pieces at shops.

Inventory:

Hand weapons
 i - a +0 blowgun
Missiles
 a - 3 poisoned needles
 d - 7 curare-tipped needles
Armour
 e - a +0 pair of boots (worn)
 l - a +0 cloak (worn)
 n - a +4 ring mail of cold resistance
 o - a +1 scale mail of positive energy
 q - the +9 armour of the Dragon King (worn) {rPois rF+ rC+ MR+}
   (You found it in the Dungeon)

   It protects you from fire.
   It protects you from cold.
   It protects you from poison.
   It affects your resistance to hostile enchantments.
 t - a +0 plate armour of fire resistance
 u - a +1 pair of gloves of strength (worn)
 x - a +2 shield of reflection (worn)
 D - the +2 helmet of the Komodo Dragon (worn) {rElec MR+ Int+3 Dex-4}
   (You bought it in a shop in the Dungeon)

   It affects your intelligence (+3).
   It affects your dexterity (-4).
   It insulates you from electricity.
   It affects your resistance to hostile enchantments.
Jewellery
 g - an uncursed ring of wizardry
 j - a +3 ring of strength (right hand)
 k - an uncursed ring of protection from fire
 r - a +2 ring of strength (left hand)
 y - an uncursed ring of protection from cold
 z - an uncursed ring of sustain abilities
 B - an amulet of guardian spirit (around neck)
 C - an uncursed ring of see invisible
 E - an uncursed ring of protection from magic
Scrolls
 h - a scroll of blinking
 s - 2 scrolls of fear
 w - 2 scrolls of identify {@r2}
Potions
 c - 4 potions of curing {@q1}
 f - 4 potions of magic
 v - a potion of restore abilities
 A - a potion of invisibility
Comestibles
 p - a meat ration


   Skills:
 - Level 16.4(14.8) Fighting
 - Level 15.3(13.8) Armour
 - Level 9.5(8.2) Dodging
 - Level 1.5(0.5) Stealth
 + Level 12.2(10.8) Shields
 - Level 22.0(20.2) Unarmed Combat


You had 12 spell levels left.
You didn't know any spells.

Dungeon Overview and Level Annotations

Branches:
Dungeon (1/1)

Altars:
Cheibriados
Dithmenos
Elyvilon
Fedhas
Gozag
Kikubaaqudgha
Makhleb
Nemelex Xobeh
Okawaru
Qazlal
Ru
Sif Muna
Trog
Vehumet
Xom
Yredelemnul
Zin
The Shining One
Jiyva

Shops:
D (=*[((*(*}:(?**[%

Annotations:
D Lom Lobon, Norris


Innate Abilities, Weirdness & Mutations

You cannot read scrolls while threatened.
You cannot study or use magical devices.
You are hated by all.
You cannot study or cast Air magic.
You cannot study or cast Charms magic.
You cannot study or cast Necromancy magic.
Scrolls take you a little longer to read.
Your flesh is cold resistant.
You are dopey. (Int -2)


Message History

Really walk into that cloud of foul pestilence?
You found an arrow trap!
You are engulfed in dark miasma.
You are poisoned.
You feel yourself slow down.
* * * LOW HITPOINT WARNING * * *
You feel sick.
You hear a clap of thunder! x3
Really walk into that cloud of foul pestilence?
You found an arrow trap! x2
You are engulfed in dark miasma.
You are lethally poisoned!
You feel as though you will be slow longer.
* * * LOW HITPOINT WARNING * * *
x2 You feel very sick.
You hear a clap of thunder!
Found a polished rapier.
Really walk into that cloud of foul pestilence?
You are engulfed in dark miasma.
* * * LOW HITPOINT WARNING * * *
You die...

...§§####......§..#.#.'..##.....,
####§#./'....§.####'#^##'##$$$$,,
§§§#§#####...###....#&#≈≈≈##$,,,,
.§#.§#).[#####...####§#≈≈≈≈##,,,,
.§####)..).....###§.§.#≈≈≈≈≈#####
≈§##)(.....#####§§§§####≈≈≈≈#%≈≈≈
≈###[.....##§§§§§§§§#,,#+≈≈≈'≈≈.≈
## #(....##§§§§§§§§§#,,,##≈≈#≈≈≈≈
####.....#§§§§§§@§§§#,,,,######+#
∩∩############§§§§§§#,,,,#≈≈≈≈≈≈≈
∩###≈≈≈≈≈≈≈≈,#§§§§§§#****##≈≈≈≈≈≈
## ###########§§§§§§)},*,,+$e.≈≈≈
#..0..+,,,.§§§§..#).',,#$..$$$
#######**###########***#######


You could see Lom Lobon (wandering).

Vanquished Creatures
  A shadow dragon (D)
  4 fire giants (D)
  A lorocyproca (D)
  A deep elf annihilator (D)
  A mummy priest (D)
  2 centaur warriors (D)
  7 unseen horrors (D)
  A deep troll (D)
  A flayed ghost (D)
  A lindwurm (D)
  2 oklob plants (D)
  2 sirens (D)
  A smoke demon (D)
  A gargoyle (D)
  A hellwing (D)
  2 kobold demonologists (D)
  4 demonic crawlers (D)
  Sonja (D)
  A slime creature (D)
  4 trapdoor spiders (D)
  A yak (D)
  A wraith (D)
  A hungry ghost (D)
  13 hogs (D)
  7 necrophages (D)
  5 wasps (D)
  Sigmund (D)
  An ogre (D)
  2 wights (D)
  10 jellies (D)
  Ijyb (D)
  3 giant eyeballs (D)
  3 ballistomycetes (D)
88 creatures vanquished.

Vanquished Creatures (others)
  the Lernaean hydra (D)
  A deep elf master archer (D)
  A hydra (D)
  3 ball lightnings (D)
  A gargoyle (D)
  2 giant spores (D)
9 creatures vanquished.

Grand Total: 97 creatures vanquished

Notes
Turn   | Place    | Note
--------------------------------------------------------------
     0 | D        | Medar, the Hill Orc Monk, began the quest for the Orb.
     0 | D        | Reached XP level 1. HP: 19/19 MP: 1/1
     1 | D        | Noticed Ijyb
    19 | D        | Killed Ijyb
    19 | D        | Reached skill level 7 in Unarmed Combat
    19 | D        | Reached XP level 2. HP: 12/26 MP: 2/2
   227 | D        | Noticed an ogre
   229 | D        | Killed an ogre
   229 | D        | Reached skill level 5 in Fighting
   229 | D        | Reached skill level 8 in Unarmed Combat
   229 | D        | Reached XP level 3. HP: 18/37 MP: 3/3
   229 | D        | Reached XP level 4. HP: 21/44 MP: 4/4
   346 | D        | Killed a gargoyle
   394 | D        | Noticed Sigmund
   401 | D        | Killed Sigmund
   401 | D        | Reached skill level 5 in Armour
   401 | D        | Reached skill level 9 in Unarmed Combat
   401 | D        | Reached XP level 5. HP: 43/52 MP: 5/5
   463 | D        | Found a deep blue altar of Sif Muna.
   464 | D        | Noticed a jelly
   465 | D        | Found a radiant altar of Vehumet.
   471 | D        | Killed a jelly
   521 | D        | Found Unotz's Jewellery Emporium.
   521 | D        | Found a white marble altar of Elyvilon.
   521 | D        | Found a stormy altar of Qazlal.
   521 | D        | Found a burning altar of Makhleb.
   521 | D        | Found a sacrificial altar of Ru.
   521 | D        | Found a basalt altar of Yredelemnul.
   521 | D        | Found a glowing golden altar of the Shining One.
   521 | D        | Found a sparkling altar of Nemelex Xobeh.
   521 | D        | Found a shimmering altar of Xom.
   521 | D        | Found an opulent altar of Gozag.
   521 | D        | Found an ancient bone altar of Kikubaaqudgha.
   521 | D        | Found a glowing silver altar of Zin.
   521 | D        | Noticed a yak
   533 | D        | Killed a yak
   533 | D        | Reached skill level 11 in Unarmed Combat
   533 | D        | Reached XP level 6. HP: 17/61 MP: 6/6
   534 | D        | Found an iron altar of Okawaru.
   730 | D        | Found a bloodstained altar of Trog.
   735 | D        | Became a worshipper of Ru the Awakened
   737 | D        | Bought a +3 ring of strength for 219 gold pieces
   739 | D        | Gained mutation: You cannot study or use magical devices. [Ru sacrifice]
   739 | D        | Acquired Ru's first power
   739 | D        | Acquired Ru's second power
   739 | D        | Acquired Ru's third power
   757 | D        | Found a snail-covered altar of Cheibriados.
   757 | D        | Found a viscous altar of Jiyva.
   757 | D        | Found a shadowy altar of Dithmenos.
   757 | D        | Found a blossoming altar of Fedhas.
   757 | D        | Noticed a slime creature
   766 | D        | Killed a slime creature
   766 | D        | Reached skill level 5 in Dodging
   766 | D        | Reached skill level 12 in Unarmed Combat
   766 | D        | Reached XP level 7. HP: 24/67 MP: 7/7
   986 | D        | Noticed a kobold demonologist
   989 | D        | Noticed a kobold demonologist
   993 | D        | Paralysed by a giant eyeball for 2 turns
   996 | D        | Noticed a chaos spawn
   996 | D        | Killed a kobold demonologist
   996 | D        | Reached skill level 13 in Unarmed Combat
  1000 | D        | Noticed a rust devil
  1011 | D        | Noticed a neqoxec
  1012 | D        | Killed a kobold demonologist
  1012 | D        | Reached skill level 10 in Fighting
  1012 | D        | Reached skill level 14 in Unarmed Combat
  1012 | D        | Reached XP level 8. HP: 31/79 MP: 8/8
  1256 | D        | Noticed a centaur warrior
  1256 | D        | Noticed a centaur warrior
  1383 | D        | Killed a centaur warrior
  1383 | D        | Reached skill level 16 in Unarmed Combat
  1383 | D        | Reached XP level 9. HP: 12/85 MP: 9/9
  1389 | D        | Killed a centaur warrior
  1389 | D        | Reached skill level 18 in Unarmed Combat
  1692 | D        | Noticed a deep troll
  1698 | D        | Killed a deep troll
  1698 | D        | Reached skill level 19 in Unarmed Combat
  1833 | D        | Found Caydwuib's Armour Emporium.
  1838 | D        | Bought a +0 pair of boots for 58 gold pieces
  1838 | D        | Bought a +0 helmet for 58 gold pieces
  1848 | D        | Bought a +0 cloak for 58 gold pieces
  1868 | D        | Bought a +0 scale mail for 52 gold pieces
  1886 | D        | Noticed Sonja
  1890 | D        | Killed Sonja
  1907 | D        | Found Kharut's Antique Weapon Boutique.
  2078 | D        | Noticed a wasp
  2079 | D        | Paralysed by a wasp for 2 turns
  2081 | D        | Killed a wasp
  2108 | D        | Bought a +4 ring mail of cold resistance for 403 gold pieces
  2132 | D        | Noticed an oklob plant
  2136 | D        | Killed an oklob plant
  2136 | D        | Reached XP level 10. HP: 76/94 MP: 10/10
  2212 | D        | Noticed a trapdoor spider
  2219 | D        | Killed a trapdoor spider
  2416 | D        | Noticed a trapdoor spider
  2417 | D        | Killed a trapdoor spider
  2418 | D        | Noticed a trapdoor spider
  2420 | D        | Killed a trapdoor spider
  2425 | D        | Noticed a trapdoor spider
  2429 | D        | Killed a trapdoor spider
  2494 | D        | Noticed a jelly
  2494 | D        | Noticed a jelly
  2494 | D        | Noticed a jelly
  2497 | D        | Noticed a jelly
  2500 | D        | Noticed a jelly
  2500 | D        | Noticed a jelly
  2500 | D        | Noticed a jelly
  2501 | D        | Noticed a necrophage
  2505 | D        | Killed a jelly
  2506 | D        | Killed a jelly
  2509 | D        | Killed a jelly
  2516 | D        | Killed a jelly
  2519 | D        | Killed a necrophage
  2521 | D        | Killed a jelly
  2524 | D        | Killed a jelly
  2545 | D        | Noticed a necrophage
  2545 | D        | Noticed a necrophage
  2546 | D        | Noticed a necrophage
  2546 | D        | Noticed a necrophage
  2559 | D        | Killed a necrophage
  2562 | D        | Killed a necrophage
  2567 | D        | Killed a necrophage
  2571 | D        | Killed a necrophage
  2572 | D        | Killed a jelly
  2577 | D        | Noticed a necrophage
  2577 | D        | Noticed a necrophage
  2591 | D        | Killed a necrophage
  2594 | D        | Killed a necrophage
  2599 | D        | Killed a jelly
  2599 | D        | Reached skill level 20 in Unarmed Combat
  2607 | D        | Killed a jelly
  2621 | D        | Found Neynepp's Antique Armour Shoppe.
  2621 | D        | Found Ducusad's Assorted Antiques.
  2621 | D        | Found Seopretsij's Weapon Boutique.
  2623 | D        | Found Urghuj's Antique Weapon Emporium.
  2623 | D        | Found Preod's General Store.
  2623 | D        | Found Twabant's Weapon Shoppe.
  2623 | D        | Found Friaviel's Assorted Antiques.
  2623 | D        | Found Emotezal's Gadget Emporium.
  2623 | D        | Found Esaate's Book Shop.
  2623 | D        | Found Xasel's Weapon Shoppe.
  2623 | D        | Found Clusto's Magic Scroll Boutique.
  2650 | D        | Found Araalon's General Store.
  2650 | D        | Found Fraucs' Assorted Antiques.
  2651 | D        | Found Piasy's Food Emporium.
  2657 | D        | Gained mutation: You cannot study or cast Air magic. [Ru sacrifice]
  2657 | D        | Gained mutation: You cannot study or cast Necromancy magic. [Ru sacrifice]
  2657 | D        | Gained mutation: You cannot study or cast Charms magic. [Ru sacrifice]
  2657 | D        | Acquired Ru's fourth power
  2661 | D        | Bought a scroll of identify for 20 gold pieces
  2669 | D        | Bought a blue potion for 16 gold pieces
  2669 | D        | Bought an emerald potion for 16 gold pieces
  2669 | D        | Bought a sapphire potion for 16 gold pieces
  2669 | D        | Bought a scroll labeled GELIK KLONUMU for 18 gold pieces
  2669 | D        | Bought a scroll labeled THEORGH EKUSCHA for 18 gold pieces
  2751 | D        | Bought a potion of mutation for 32 gold pieces
  2751 | D        | Bought a potion of mutation for 32 gold pieces
  2751 | D        | Gained mutation: Your flesh is heat resistant. [potion of mutation]
  2751 | D        | Lost mutation: Your flesh is heat resistant. [potion of mutation]
  2752 | D        | Gained mutation: Scrolls take you a little longer to read. [potion of mutation]
  2752 | D        | Gained mutation: Your flesh is cold resistant. [potion of mutation]
  2752 | D        | Gained mutation: You are dopey. (Int -2) [potion of mutation]
  2761 | D        | Bought a viscous coppery potion for 21 gold pieces
  2799 | D        | Killed an unseen horror
  2861 | D        | Noticed a demonic crawler
  2861 | D        | Noticed a demonic crawler
  2861 | D        | Noticed a demonic crawler
  2861 | D        | Noticed a demonic crawler
  2868 | D        | Killed a demonic crawler
  2874 | D        | Killed a demonic crawler
  2874 | D        | Reached skill level 10 in Armour
  2881 | D        | Killed a demonic crawler
  2889 | D        | Killed a demonic crawler
  2889 | D        | Reached XP level 11. HP: 55/107 MP: 11/11
  3054 | D        | Noticed a gargoyle
  3069 | D        | Killed a gargoyle
  3257 | D        | Noticed a lindwurm
  3264 | D        | Killed a lindwurm
  3339 | D        | Bought a meat ration for 55 gold pieces
  3339 | D        | Bought a meat ration for 55 gold pieces
  3371 | D        | Killed an unseen horror
  3402 | D        | Noticed a hog
  3402 | D        | Noticed a hog
  3402 | D        | Noticed a hog
  3402 | D        | Noticed a hog
  3402 | D        | Noticed a hog
  3402 | D        | Noticed a hog
  3402 | D        | Noticed a hog
  3402 | D        | Noticed a hog
  3404 | D        | Noticed a hog
  3404 | D        | Noticed a hog
  3406 | D        | Killed a hog
  3408 | D        | Killed a hog
  3410 | D        | Killed a hog
  3416 | D        | Killed a hog
  3418 | D        | Killed a hog
  3422 | D        | Noticed a hog
  3427 | D        | Killed a hog
  3431 | D        | Noticed a hog
  3434 | D        | Killed a hog
  3439 | D        | Noticed a hog
  3445 | D        | Killed a hog
  3446 | D        | Killed a hog
  3448 | D        | Killed a hog
  3450 | D        | Killed a hog
  3453 | D        | Killed a hog
  3456 | D        | Killed a hog
  3496 | D        | Noticed a daeva
  3500 | D        | Noticed an unseen horror
  3501 | D        | Noticed an unseen horror
  3506 | D        | Noticed an unseen horror
  3508 | D        | Killed an unseen horror
  3508 | D        | Reached skill level 21 in Unarmed Combat
  3510 | D        | Killed an unseen horror
  3512 | D        | Killed an unseen horror
  3523 | D        | Noticed an unseen horror
  3524 | D        | Killed an unseen horror
  3747 | D        | Killed an unseen horror
  3747 | D        | Reached skill level 15 in Fighting
  4315 | D        | Noticed a fire giant
  4317 | D        | Noticed a fire giant
  4334 | D        | Killed a fire giant
  4334 | D        | Reached XP level 12. HP: 121/121 MP: 12/12
  4379 | D        | Noticed a fire giant
  4386 | D        | Killed a fire giant
  4388 | D        | Gained mutation: You cannot read scrolls while threatened. [Ru sacrifice]
  4388 | D        | Acquired Ru's fifth power
  4490 | D        | Killed a fire giant
  4644 | D        | Noticed a fire giant
  4653 | D        | Killed a fire giant
  4653 | D        | Reached skill level 15 in Armour
  4702 | D        | Noticed a 12-headed hydra
  4706 | D        | Killed a 12-headed hydra
  4706 | D        | Reached skill level 22 in Unarmed Combat
  4923 | D        | Bought a bubbling coppery potion for 21 gold pieces
  4923 | D        | Bought a scroll labeled ZYDYFA GACEY for 24 gold pieces
  4923 | D        | Bought a scroll labeled POMEWORAEP for 24 gold pieces
  4942 | D        | Bought a potion of might for 56 gold pieces
  4951 | D        | Bought a runed shield for 121 gold pieces
  4965 | D        | Bought a tubular glass ring for 120 gold pieces
  5021 | D        | Noticed Norris
  5036 | D        | Killed a lorocyproca
  5280 | D        | Bought an uncursed amulet of guardian spirit for 420 gold pieces
  5280 | D        | Bought an uncursed ring of see invisible for 210 gold pieces
  5298 | D        | Bought the +2 helmet of the Komodo Dragon {rElec MR+ Int+3 Dex-4} for 416 gold pieces
  5526 | D        | Bought a potion of haste for 180 gold pieces
  5536 | D        | Bought a potion of curing for 90 gold pieces
  5536 | D        | Bought a blackened steel ring for 150 gold pieces
  5547 | D        | Bought a scroll of remove curse for 30 gold pieces
  5554 | D        | Bought 2 potions of curing for 84 gold pieces
  5555 | D        | Bought a scroll of identify for 20 gold pieces
  5555 | D        | Bought a scroll of identify for 20 gold pieces
  5555 | D        | Bought a scroll of identify for 20 gold pieces
  5639 | D        | Noticed a siren
  5641 | D        | Noticed a deep elf annihilator
  5752 | D        | Noticed a hellwing
  5761 | D        | Killed a siren
  5761 | D        | Reached skill level 5 in Shields
  5763 | D        | Noticed a siren
  5770 | D        | Killed a siren
  5817 | D        | Killed a hellwing
  5819 | D        | Noticed a wasp
  5819 | D        | Noticed a wasp
  5828 | D        | Killed a wasp
  5829 | D        | Killed a wasp
  5841 | D        | Noticed a wasp
  5841 | D        | Noticed a wasp
  5842 | D        | Noticed an oklob plant
  5842 | D        | Noticed a mummy priest
  5847 | D        | Killed a deep elf annihilator
  5848 | D        | Killed a wasp
  5848 | D        | Paralysed by a wasp for 3 turns
  5853 | D        | Gained mutation: You are hated by all. [Ru sacrifice]
  5858 | D        | Killed a wasp
  6083 | D        | Noticed a shadow dragon
  6086 | D        | Noticed a golden dragon
  6117 | D        | Killed a shadow dragon
  6117 | D        | Reached skill level 10 in Shields
  6377 | D        | Killed an oklob plant
  6381 | D        | Killed a mummy priest
  6381 | D        | Reached XP level 13. HP: 130/130 MP: 4/13
  6463 | D        | Noticed the 27-headed Lernaean hydra
  6464 | D        | Killed the 27-headed Lernaean hydra
  6470 | D        | Noticed a deep elf master archer
  6720 | D        | Bought a scroll of identify for 48 gold pieces
  6725 | D        | Bought a scroll of identify for 60 gold pieces
  6725 | D        | Bought a potion of magic for 240 gold pieces
  6735 | D        | Bought a potion of magic for 144 gold pieces
  6759 | D        | Killed a deep elf master archer
  6770 | D        | Bought an uncursed ring of protection from magic for 350 gold pieces
  6827 | D        | Noticed Lom Lobon
  6846 | D        | HP: 1/130 [Lom Lobon/great icy blast (53)]
  6855 | D        | HP: 1/130 [something (13)]
  6855 | D        | Succumbed to poison (dark miasma)

Action                   |  1- 3 |  4- 6 |  7- 9 | 10-12 | 13-15 || total
-------------------------+-------+-------+-------+-------+-------++-------
Melee: Unarmed           |    18 |    29 |    56 |   243 |     4 ||   350
Invok: Sacrifice Artific |       |     1 |       |       |       ||     1
       Sacrifice Arcana  |       |       |       |     1 |       ||     1
       Power Leap        |       |       |       |     3 |       ||     3
       Apocalypse        |       |       |       |     1 |     1 ||     2
       Sacrifice Words   |       |       |       |     1 |       ||     1
       Sacrifice Love    |       |       |       |     1 |       ||     1
  Use: Potion            |     1 |       |     3 |     9 |     5 ||    18
       Scroll            |       |       |     2 |    11 |       ||    13
 Stab: Invisible         |       |     2 |       |     2 |       ||     4
       Distracted        |       |       |     1 |       |       ||     1
       Sleeping          |       |       |       |     1 |       ||     1
       Paralysed         |       |       |       |     1 |       ||     1
  Eat: Meat ration       |       |       |     1 |     3 |       ||     4
       Pizza             |       |       |       |     1 |       ||     1
